 Dungeon Crawl Stone Soup version 0.30-a0-711-gf4ac18a38d (webtiles) character file.

Game seed: 1151194952337883615

19 kae the Insei (level 2, -2/21 HPs)
             Began as a Demonspawn Transmuter on Jan 22, 2023.
             Slain by a goblin
             ... wielding a +0 club
             ... led by Robin
              (5 damage)
             ... on level 2 of the Dungeon.
             The game lasted 00:01:22 (997 turns).

kae the Insei (Demonspawn Transmuter)                Turns: 997, Time: 00:01:22

Health: -2/21      AC:  2    Str: 10    XL:     2   Next: 55%
Magic:  2/5        EV: 12    Int: 14    God:
Gold:   66         SH:  0    Dex: 13    Spells: 2/5 levels left

rFire   . . .      SeeInvis .      - Unarmed
rCold   . . .      Faith    .    (no shield)
rNeg    . . .      Spirit   .    a - +0 robe
rPois   .          Reflect  .    (helmet currently unavailable)
rElec   .          Harm     .    (no cloak)
rCorr   .          Rampage  .    (no gloves)
Will    .....                    (boots currently unavailable)
Stlth   +                        (no amulet)
HPRegen 0.23/turn                (no ring)
MPRegen 0.18/turn                (no ring)

@: appendages, wereblooded
A: horns 2, talons 2, magic regeneration
a: End Transformation


You were on level 2 of the Dungeon.
You had temporarily grown beastly horns and talons.
You visited 1 branch of the dungeon, and saw 2 of its levels.

You collected 66 gold pieces.


Innate Abilities, Weirdness & Mutations

You have temporarily grown beastly horns and talons.
You regenerate magic rapidly.


   Skills:
 - Level 1.0 Fighting
 - Level 1.7 Dodging
 + Level 2.9 Unarmed Combat
 + Level 2.2 Spellcasting
 * Level 2.4 Transmutations


You had 2 spell levels left.
You knew the following spells:

 Your Spells              Type           Power      Damage    Failure   Level
a - Beastly Appendage     Tmut           16%        N/A       9%          1
b - Wereblood             Tmut           8%         N/A       13%         2

Your spell library contained the following spells:

 Spells                   Type           Power      Damage    Failure   Level
 Spider Form              Tmut/Pois      4%         N/A       38%         3
 Ozocubu's Armour         Ice            1%         N/A       56%         3
 Ice Form                 Ice/Tmut       4%         N/A       80%         4
 Ozocubu's Refrigeration  Ice            0%         4d7       100%        7

Inventory:

Missiles
 c - 12 stones
 l - 2 poisoned darts
Armour
 a - a +0 robe (worn)
 e - a +0 pair of boots (melded)
   (You found it on level 1 of the Dungeon)
Jewellery
 Y - a +4 ring of slaying
   (You found it on level 1 of the Dungeon)
Scrolls
 d - a scroll of immolation {unknown}
 g - 2 scrolls of identify {unknown}
 h - a scroll of enchant weapon {unknown}
 i - a scroll of fear {unknown}
 k - a scroll of acquirement {unknown}
Potions
 b - a potion of lignification {!q}
 f - a potion of haste {unknown}
 j - a potion of curing {unknown}

Dungeon Overview and Level Annotations

Branches:
Dungeon (2/15) Zot: 11005

Altars:

Annotations:
D:2 Robin

#..........#
#.#.#.#.#..#
##.......# #
###.g###..#
##.###.##
######..g....#
#.......g###.#
#......gg###.#
#.......g@...#
#.......g#####
######..^.....#
#......####.###
#.####.# #.#
#.# #.# #.# #.#
#.. ..# ### ..#


You could see Robin, 2 hobgoblins and 4 goblins.


Message History

The hobgoblin hits you.
* * * LOW HITPOINT WARNING * * *
The goblin completely misses you. 😨 HP[-2]
You take 2 damage, and now have 7/21 hp.
You miss the goblin. Your kick misses the goblin.
The hobgoblin hits you but does no damage.
The goblin barely misses you.
You hit the goblin.
You kill the goblin!
The hobgoblin hits you but does no damage.
You barely miss the hobgoblin.
You headbutt the hobgoblin, but do no damage.
The hobgoblin hits you.
* * * LOW HITPOINT WARNING * * *
😱 HP[-2]
You take 2 damage, and now have 5/21 hp.
You closely miss the hobgoblin. You claw the hobgoblin.
You kill the hobgoblin! 😨 HP[+1]
Your horns disappear.
Your talons disappear.
Your +0 pair of boots unmelds from your body.
You see here a hobgoblin corpse.
You start resting. 😕 HP[+11]
You regained 11 hp, and now have 17/21 hp.
There is a stone staircase leading down here.
You start resting. 😎 HP[+4]
Your hp is fully restored (21).
Casting: Beastly Appendage (safe; 9% risk of failure)
Confirm with . or Enter, or press ? or * to list all spells.
You grow a pair of large bovine horns.
Your feet morph into talons.
Your +0 pair of boots melds into your body.
Your transformation is almost over. 😎 MP[-1]
You lost 1 mp, and now have 4/5 mp.
Memorise Wereblood, consuming 2 spell levels and leaving 2?
You start memorising the spell.
You continue memorising. x2
You finish memorising.
Spell assigned to 'b'.
Casting: Beastly Appendage (safe; 9% risk of failure)
Confirm with . or Enter, or press ? or * to list all spells.
You miscast Wereblood.
You are very lightly contaminated with residual magic.
Nothing appears to happen. 😎 MP[-1]
You lost 1 mp, and now have 3/5 mp.
Casting: Wereblood (safe; 14% risk of failure)
Confirm with . or Enter, or press ? or * to list all spells.
Your blood is infused with primal strength. 😎 MP[-2]
You lost 2 mp, and now have 1/5 mp.
Casting: Wereblood (safe; 14% risk of failure)
Confirm with . or Enter, or press ? or * to list all spells.
You extend your transformation's duration. 😎 MP[-1]
You lost 1 mp, and now have 0/5 mp.
You climb downwards.
Level annotation: Robin The goblin shouts!
You hear a shout! x2
The goblin closely misses you. The goblin hits you but does no damage.
The hobgoblin barely misses you.
Your magical contamination has completely faded away.
There is a stone staircase leading up, spattered with blood here. 😎 MP[+1]
You barely miss the goblin. You claw the goblin. You headbutt the goblin.
You kill the goblin!
Robin throws the goblin at you! The hobgoblin misses you.
A goblin comes into view. It is wielding a +0 club.
The goblin barely misses you. The goblin closely misses you.
You barely miss the goblin. Your headbutt misses the goblin.
The hobgoblin barely misses you. The goblin hits you with a +0 dagger.
The goblin misses you. 😕 HP[-4]
You take 4 damage, and now have 17/21 hp.
You hit the goblin.
You feel a bit better.
You kill the goblin!
You howl as the wereblood boils in your veins!
Robin throws the goblin at you!
A goblin comes into view. It is wielding a +0 dagger.
The hobgoblin hits you. The goblin hits you but does no damage.
The goblin barely misses you. 😮 HP[-5]
You take 5 damage, and now have 12/21 hp.
MASSIVE DAMAGE!! (PAUSE)
You closely miss the goblin.
You howl as the wereblood boils in your veins!
Robin roars a battlecry!
The goblins go into a battle-frenzy!
The hobgoblin hits you. The goblin hits you with a +0 club.
* * * LOW HITPOINT WARNING * * *
The goblin misses you.
A hobgoblin comes into view. 😨 HP[-4] MP[+1]
You take 4 damage, and now have 8/21 hp.
You howl as the wereblood boils in your veins!
The hobgoblin hits you.
* * * LOW HITPOINT WARNING * * *
The goblin closely misses you. The goblin hits you with a +0 club.
You die...

Skill      XL: |  1 |
---------------+----+-----
Transmutations | 2 |  2.4
Fighting       | |  1.0
Dodging        | |  1.7
Unarmed Combat | |  2.9
Spellcasting   | |  2.2

Action                     || total
---------------------------++-------
  Melee: Unarmed           ||    66
         Kick              ||    11
         Headbutt          ||     5
   Cast: Beastly Appendage ||    13
         Wereblood         ||     1
 Armour: Robe              ||    13
  Dodge: Dodged            ||    55

Levels and vault maps discovered:
D:1:      psy_arrival_spokes, layout_basic
D:2:      layout_basic, shapermc_ecumenical_altar_mp_ritualfount, hex_medium,
          uniq_robin

Notes
Turn   | Place    | Note
-------+----------+-------------------------------------------
     0 | D:1      | kae the Demonspawn Transmuter began the quest for the Orb.
     0 | D:1      | Reached XP level 1. HP: 15/15 MP: 3/3
     0 | D:1      | magus.rc [v1.11.3]
    68 | D:1      | Reached skill level 2 in Transmutations
   220 | D:1      | You add the spells Ozocubu's Armour and Ozocubu's
                  | Refrigeration to your library.
   476 | D:1      | Gained mutation: You regenerate magic rapidly. [demonic
                  | ancestry]
   476 | D:1      | Reached XP level 2. HP: 21/21 MP: 3/5
   890 | D:2      | Noticed Robin
   913 | D:1      | HP: 5/21 [hobgoblin[Robin] (2)]
   986 | D:1      | Learned a level 2 spell: Wereblood
   997 | D:2      | HP: 3/21 [hobgoblin[Robin] (6)]
   997 | D:2      | Slain by a goblin

Vanquished Creatures
  A bat (D:1)
  An endoplasm (D:1)
  A giant cockroach (D:1)
  3 goblins
  3 hobgoblins (D:1)
  A quokka (D:1)
  2 ball pythons (D:1)
  3 kobolds (D:1)
  A rat (D:1)
16 creatures vanquished.

Table legend:
 A = Non-vault XP
 B = Vault XP
 C = Vault XP percentage of total XP
 D = Non-vault monster count
 E = Vault monster count
 F = Vault count percentage of total count
                 A         B        C        D         E       F
            +---------+---------+-------+---------+---------+-------
      Total |      20 |       8 |  28.6 |      12 |       4 |  25.0
            +---------+---------+-------+---------+---------+-------
        D:1 |      20 |       4 |  16.7 |      12 |       2 |  14.3
        D:2 |       0 |       4 | 100.0 |       0 |       2 | 100.0
            +---------+---------+-------+---------+---------+-------

Illustrated notes

Table legend:
 A = Kills in this place as a percentage of kills in entire the game.
 B = Kills by you in this place as a percentage of kills by you in the entire game.
 C = Kills by friends in this place as a percentage of kills by friends in the entire game.
 D = Other kills in this place as a percentage of other kills in the entire game.
 E = Experience gained in this place as a percentage of experience gained in the entire game.
 F = Experience gained in this place divided by the number of levels of this place that you have seen.
                   A       B       C       D       E      F
               +-------+-------+-------+-------+-------+----------------------
         Total | 100.0 | 100.0 |   N/A |   N/A | 100.0 |  14.0
       Dungeon | 100.0 | 100.0 |   N/A |   N/A | 100.0 |  14.0
               +-------+-------+-------+-------+-------+----------------------

Table legend: (Time is in decaauts)
 A = Elapsed time spent in this place.
 B = Non-inter-level travel time spent in this place.
 C = Inter-level travel time spent in this place.
 D = Time resting spent in this place.
 E = Time spent auto-exploring this place.
 F = Levels seen in this place.
 G = Mean time per level.
                   A        B        C        D        E       F      G
               +--------+--------+--------+--------+--------+-----+--------+
         Total |    993 |    937 |     56 |     80 |    687 |   2 |  496.5 |
       Dungeon |    993 |    937 |     56 |     80 |    687 |   2 |  496.5 |
               +--------+--------+--------+--------+--------+-----+--------+

Top non-repeatable levels by time:
     D:1: 942 daAuts
     D:2: 51 daAuts
